 Dungeon Crawl Stone Soup version 0.25.0-9-g26727b657a (webtiles) character file.

Game seed: 16517205977354478316

79 Delamore the Cudgeler (level 4, -2/28 HPs)
             Began as a Gargoyle Fighter on June 18, 2020.
             Was an Initiate of Okawaru.
             Slain by a wight
             ... wielding a +0 spear
              (5 damage)
             ... on level 3 of the Dungeon.
             The game lasted 00:01:36 (2549 turns).

Delamore the Cudgeler (Gargoyle Fighter)            Turns: 2549, Time: 00:01:36

Health: -2/28      AC: 10    Str: 20    XL:     4   Next: 37%
Magic:  4/4        EV:  7    Int:  9    God:    Okawaru [......]
Gold:   132        SH:  9    Dex:  9    Spells: 3/3 levels left

rFire    . . .     SeeInvis .   g - +2 whip (venom)
rCold    . . .     Gourm    .   c - +0 kite shield
rNeg     + . .     Faith    .   b - +0 scale mail
rPois    ∞         Spirit   .   (no helmet)
rElec    +         Reflect  .   (no cloak)
rCorr    .         Harm     .   (no gloves)
MR       .....                  (no boots)
Stlth    ..........             (no amulet)
HPRegen  0.09/turn              (no ring)
MPRegen  0.09/turn              (no ring)

@: no status effects
A: negative energy resistance 1, electricity resistance, unbreathing,
petrification resistance, rot immunity, AC +3
a: Renounce Religion


You were on level 3 of the Dungeon.
You worshipped Okawaru.
Okawaru was noncommittal.
You were near starving.

You visited 1 branch of the dungeon, and saw 3 of its levels.

You collected 132 gold pieces.

Inventory:

Hand Weapons
 a - a +0 flail
 g - a +2 whip of venom (weapon)
Missiles
 p - 9 poisoned darts (quivered)
Armour
 b - a +0 scale mail (worn)
 c - a +0 kite shield (worn)
Jewellery
 m - an uncursed ring of poison resistance {unknown}
Scrolls
 h - a scroll of amnesia {unknown}
 j - 4 scrolls of teleportation {unknown}
 l - a scroll of enchant weapon {unknown}
 n - 2 scrolls of noise {unknown}
 r - 2 scrolls of identify {unknown}
 s - a scroll of blinking {unknown}
 t - a scroll of immolation {unknown}
 u - a scroll of magic mapping {unknown}
 v - a scroll of remove curse {unknown}
Potions
 d - a potion of might
 e - 2 potions of berserk rage {unknown}
 i - 2 potions of degeneration {unknown}
 k - a potion of cancellation {unknown}
 o - a potion of curing {unknown}
 q - a potion of stabbing {unknown}
Comestibles
 f - 7 rations


   Skills:
 - Level 3.2 Fighting
 + Level 4.5 Maces & Flails
 - Level 3.2 Armour
 - Level 3.2 Shields


You had 3 spell levels left.
You didn't know any spells.
Your spell library was empty.

Dungeon Overview and Level Annotations

Branches:
Dungeon (3/15)

Altars:
Okawaru


Innate Abilities, Weirdness & Mutations

You are resistant to torment.
Your stone body is resilient. (AC +3)
You are immune to poison.
You resist negative energy. (rN+)
You are resistant to electric shocks. (rElec)
You can survive without breathing.
You are immune to petrification.
You are immune to rotting.


Message History

You are too injured to fight recklessly!
You are too injured to fight recklessly!
You are too injured to fight recklessly!
You are too injured to fight recklessly!
You are too injured to fight recklessly!
You are too injured to fight recklessly!
You are too injured to fight recklessly!
You hit the wight.
The wight is severely damaged.
You block the wight's attack.
You hit the wight but do no damage.
The wight is severely damaged.
The wight hits you with a +4 great sword!
* * * LOW HITPOINT WARNING * * *
The wight hits you but does no damage.
You barely miss the wight.
The wight is heavily damaged.
The wight hits you but does no damage.
The wight hits you from afar with a +0 spear.
You die...

#.# ##.## #... #.# #.#
#..# #.# #.# #..# #.####
#+## #..# #.##.## #...#
#..# #.#...## #..... #..#
## #......# #...... #...
.##########....###z......
####..
................@zr......
+.....
.##########...####z......
####.. ## ##..# #......
#.. ##.# #..... #.# #.#
#...# #.# ##.# #+## #.#
#..# #.# #.# #.## #.#
#####.# #.# ##.## #......


You could see 3 wights and a rat.

Vanquished Creatures
  2 adders (D:2)
  An ooze (D:2)
  2 worms (D:2)
  2 dart slugs (D:2)
  3 orcs (D:3)
  5 bats
  2 giant cockroaches
  9 goblins
  3 hobgoblins
  3 jackals (D:1)
  A frilled lizard (D:2)
  A jackal skeleton (D:2)
  4 kobolds
  4 rats
42 creatures vanquished.

Notes
Turn   | Place    | Note
-------+----------+-------------------------------------------
     0 | D:1      | Delamore the Gargoyle Fighter began the quest for the Orb.
     0 | D:1      | Reached XP level 1. HP: 14/14 MP: 1/1
   175 | D:1      | Reached XP level 2. HP: 11/19 MP: 2/2
   676 | D:1      | Reached skill level 3 in Maces & Flails
  1077 | D:2      | Reached XP level 3. HP: 19/23 MP: 3/3
  1459 | D:2      | Reached skill level 4 in Maces & Flails
  1747 | D:2      | Reached XP level 4. HP: 21/28 MP: 4/4
  1909 | D:2      | Found an iron altar of Okawaru.
  1912 | D:2      | Became a worshipper of Warmaster Okawaru
  2549 | D:3      | Slain by a wight

Illustrated notes

Levels and vault maps discovered:
D:1:      dpeg_arrival_court, layout_loops_ring
D:2:      layout_loops_ring, chequers_serial_rivers_room_a, dk_vineyard_1,
          okawaru_metal_pillars_1_2
D:3:      layout_loops_corners

Skill      XL: |  1  2  3 |
---------------+----------+-----
Maces & Flails | 3 4 |  4.5
Fighting       | |  3.2
Armour         | |  3.2
Shields        | |  3.2

Action                   |  1- 3 |  4- 6 || total
-------------------------+-------+-------++-------
Melee: Flail             |   175 |    14 ||   189
       Whip              |       |    40 ||    40
  Eat: Chunk             |     3 |     1 ||     4
Armor: Scale mail        |   107 |    21 ||   128
Dodge: Dodged            |    89 |    15 ||   104
Block: Kite shield       |   121 |    26 ||   147
